 Dungeon Crawl Stone Soup version 0.30-a0-964-gd452b5e7fa (webtiles) character file.

Game seed: 6280018648834880823

1236 GigaChad the Covered (level 8, 0/71 HPs)
             Began as a Minotaur Fighter on Mar 30, 2023.
             Slain by Eustachio
             ... wielding a +0 rapier
              (4 damage)
             ... on level 5 of the Dungeon.
             The game lasted 00:05:41 (3936 turns).

GigaChad the Covered (Minotaur Fighter)             Turns: 3936, Time: 00:05:41

Health: 0/71       AC: 12    Str: 24    XL:     8   Next: 24%
Magic:  7/7        EV: 10    Int:  5    God:
Gold:   154        SH:  4    Dex:  9    Spells: 7/7 levels left

rFire   . . .      SeeInvis .    a - +0 war axe
rCold   . . .      Faith    .    c - +0 buckler
rNeg    . . .      Spirit   .    b - +0 scale mail
rPois   .          Reflect  .    (helmet restricted)
rElec   .          Rampage  .    r - +0 cloak
rCorr   .                        n - +2 pair of gloves
Will    .....                    (no boots) Stlth
                                 (no amulet)
HPRegen 0.31/turn                (no ring)
MPRegen 0.10/turn                (no ring)

@: lethally poisoned (0 -> -2)
A: horns 2, retaliatory headbutt
a: no special abilities


You were on level 5 of the Dungeon.
You visited 1 branch of the dungeon, and saw 5 of its levels.

You collected 154 gold pieces.

Inventory:

Hand Weapons
 a - a +0 war axe (weapon)
 q - a +3 quarterstaff of chaos
Armour
 b - a +0 scale mail (worn)
 c - a +0 buckler (worn)
 n - a +2 pair of gloves (worn)
 r - a +0 cloak (worn)
Jewellery
 h - an amulet of guardian spirit
Scrolls
 e - a scroll of fear {unknown}
 f - a scroll of blinking
 g - 2 scrolls of teleportation
 j - a scroll of enchant weapon {unknown}
 l - 3 scrolls of immolation {unknown}
 s - a scroll of poison {unknown}
 u - a scroll of identify
Potions
 d - a potion of invisibility {unknown}
 i - 2 potions of heal wounds {unknown}
 k - 2 potions of ambrosia {unknown}
 m - a potion of cancellation {unknown}
 o - a potion of magic {unknown}
 p - 3 potions of resistance {unknown}
 t - a potion of curing {unknown}


   Skills:
 + Level 6.7 Fighting
 + Level 7.1 Axes
 + Level 7.3 Armour
 + Level 2.9 Dodging
 + Level 0.3 Stealth
 + Level 4.8 Shields


You had 7 spell levels left.
You didn't know any spells.
Your spell library contained the following spells:

 Spells                   Type           Power      Damage    Failure   Level
 Ensorcelled Hibernation  Hex/Ice        0%         N/A       93%         2
 Ignite Poison            Fire/Tmut/Pois 0%         N/A       99%         3
 Kindle Blastsparks       Fire/Tloc/Air  0%         2d10      99%         3
 Spider Form              Tmut/Pois      0%         N/A       99%         3
 Anguish                  Hex/Necr       0%         N/A       100%        4
 Freezing Cloud           Conj/Ice/Air   0%         6-21      100%        5


Dungeon Overview and Level Annotations

Branches:
Dungeon (5/15)
 Temple: D:4-7

Altars:
Nemelex Xobeh
Vehumet
Yredelemnul

Shops:
D:1 (   D:2 ?   D:5 :

Annotations:
D:4 exclusion: statue
D:5 Eustachio


Innate Abilities, Weirdness & Mutations

You have a pair of horns on your head.
You reflexively headbutt those who attack you in melee.


Message History

The crimson imp disappears in a puff of smoke!
You closely miss the ice beast. You slash the quokka!
You kill the quokka!
You closely miss the killer bee.
* * * LOW HITPOINT WARNING * * *
You feel very sick. The killer bee misses you.
The killer bee stings you but does no damage.
The ice beast hits you but does no damage.
Unknown command.
Unknown command.
Unknown command.
You are too injured to fight recklessly!
You are too injured to fight recklessly!
You closely miss the ufetubus. You headbutt the ufetubus.
You kill the ufetubus!
The ufetubus disappears in a puff of smoke!
You hit the ice beast. You closely miss the killer bee.
* * * LOW HITPOINT WARNING * * *
You feel sick. The killer bee closely misses you. You furiously retaliate!
You headbutt the killer bee.
You kill the killer bee!
The ice beast barely misses you. You furiously retaliate!
You headbutt the ice beast.
Eustachio mumbles some strange words.
Eustachio blinks!
The ice beast attacks as you move away! You block the ice beast's attack.
* * * LOW HITPOINT WARNING * * *
You feel very sick.
Eustachio mumbles some strange words.
The orc hits you but does no damage.
You feel sick. The ice beast misses you.
The ice beast attacks as you move away!
The ice beast hits you but does no damage.
You feel sick.
You closely miss Eustachio. You headbutt Eustachio.
Eustachio is lightly wounded.
You feel sick.
Eustachio seems less brilliant.
Eustachio hits you but does no damage. Eustachio hits you with a +0 rapier.
You die...

#$...... #.......
#....♣~♣# .....~~P#
#..~~~## # #†~5.#.#
### #♣oY5..# # ..
#.#@#### # #.##.#@#
# #(.#.#.# # #.#.#.#
# #.....# #######
##...## ......###
##.## .####...####
#.# .## ##....###.#
..####.........####.


You could see Eustachio, an ice beast, a crimson imp (summoned), a white imp
(summoned) and an orc.

Vanquished Creatures
  Sigmund (D:3)
  A black bear (D:4)
  A phantom (D:5)
  3 scorpions
  10 killer bees
  A hound (D:4)
  A jelly (D:4)
  Crazy Yiuf (D:4)
  3 iguanas
  5 adders
  A worm (D:5)
  A dart slug (D:1)
  3 orcs
  12 endoplasms
  4 giant cockroaches
  8 goblins
  3 hobgoblins (D:3)
  7 kobolds
  5 quokkas
  7 ball pythons
  4 bats
  A frilled lizard (D:2)
  4 rats
87 creatures vanquished.

Vanquished Creatures (others)
  2 demonic plants (D:1)
  2 fungi (D:1)
  10 plants (D:5)
  A withered plant (D:1)
15 creatures vanquished.

Grand Total: 102 creatures vanquished

Notes
Turn   | Place    | Note
-------+----------+-------------------------------------------
     0 | D:1      | GigaChad the Minotaur Fighter began the quest for the Orb.
     0 | D:1      | Reached XP level 1. HP: 19/19 MP: 0/0
    17 | D:1      | Found a faded altar of an unknown god.
    61 | D:1      | Upgraded the game from 0.30-a0-956-gcec3b41aec to
                  | 0.30-a0-964-gd452b5e7fa
   232 | D:1      | Reached XP level 2. HP: 27/27 MP: 1/1
   690 | D:1      | Found Qyffule's Weapon Boutique.
   820 | D:1      | Reached XP level 3. HP: 33/33 MP: 2/2
  1002 | D:2      | Found Olyuhinu's Magic Scroll Shoppe.
  1206 | D:2      | Found a basalt altar of Yredelemnul.
  1578 | D:3      | Noticed Sigmund
  1584 | D:3      | Killed Sigmund
  1585 | D:3      | Reached skill level 5 in Armour
  1585 | D:3      | Reached skill level 1 in Dodging
  1585 | D:3      | Reached XP level 4. HP: 41/41 MP: 3/3
  1585 | D:3      | Reached XP level 5. HP: 47/47 MP: 4/4
  1666 | D:3      | Reached skill level 5 in Fighting
  2020 | D:3      | Found a sparkling altar of Nemelex Xobeh.
  2324 | D:4      | Reached XP level 6. HP: 51/56 MP: 5/5
  2396 | D:4      | Reached skill level 5 in Axes
  2824 | D:4      | Found a radiant altar of Vehumet.
  2993 | D:4      | Reached XP level 7. HP: 38/61 MP: 6/6
  3007 | D:4      | HP: 3/63 [poisoned by a killer bee]
  3434 | D:4      | Found a runed translucent door.
  3435 | D:4      | Noticed Crazy Yiuf
  3611 | D:4      | Killed Crazy Yiuf
  3672 | D:5      | Entered Level 5 of the Dungeon
  3672 | D:5      | Found Ateem's Self-Improvement Boutique.
  3864 | D:5      | Reached XP level 8. HP: 68/71 MP: 7/7
  3917 | D:5      | Noticed Eustachio
  3936 | D:5      | Slain by Eustachio

Illustrated notes

Levels and vault maps discovered:
D:1:      psy_arrival_whirlpool, layout_basic, serial_shops,
          nicolae_shop_hallway_stairs, shapermc_ecumenical_altar_gd
D:2:      layout_basic, basic_altar, serial_shops, nicolae_shop_crystal
D:3:      layout_basic, nemelex_dance_club_becter, uniq_sigmund
D:4:      layout_loops_ring, vehumet_statue, uniq_crazy_yiuf_cottage
D:5:      layout_rooms, serial_bayou, serial_bayou_pond_e, serial_bayou_pond_e,
          serial_bayou_lagoon_b, serial_bayou_lagoon_a, nicolae_shop_self_help,
          uniq_eustachio

Skill      XL: |  1  2  3  4  5  6  7  8 |
---------------+-------------------------+-----
Armour         | 4 5 7 |  7.3
Fighting       | 4 5 6 |  6.7
Shields        | 4 |  4.8
Axes           | 4 5 6 7 |  7.1
Dodging        | 1 2 |  2.9
Stealth        | |  0.3

Action                     |  1- 3 |  4- 6 |  7- 9 || total
---------------------------+-------+-------+-------++-------
  Melee: War axe           |    84 |    67 |    55 ||   206
         Headbutt          |    11 |    10 |    12 ||    33
    Use: Scroll            |       |     2 |       ||     2
         Potion            |       |       |     1 ||     1
 Armour: Scale mail        |    41 |    47 |    56 ||   144
  Dodge: Dodged            |    36 |    37 |    59 ||   132
  Block: Buckler           |    14 |    21 |    30 ||    65

Table legend: (Time is in decaauts)
 A = Elapsed time spent in this place.
 B = Non-inter-level travel time spent in this place.
 C = Inter-level travel time spent in this place.
 D = Time resting spent in this place.
 E = Time spent auto-exploring this place.
 F = Levels seen in this place.
 G = Mean time per level.
                   A        B        C        D        E       F      G
               +--------+--------+--------+--------+--------+-----+--------+
         Total |   4007 |   3941 |     66 |    562 |   2706 |   5 |  801.4 |
       Dungeon |   4007 |   3941 |     66 |    562 |   2706 |   5 |  801.4 |
               +--------+--------+--------+--------+--------+-----+--------+

Top non-repeatable levels by time:
     D:4: 1429 daAuts
     D:1: 1019 daAuts
     D:3: 948 daAuts
     D:2: 330 daAuts
     D:5: 278 daAuts
